 Dungeon Crawl Stone Soup version 0.21.0-26-g889b8f6 (webtiles) character file.

172 nikopol the Shield-Bearer (level 5, -1/33 HPs)
             Began as a Gargoyle Fighter on Jan 27, 2018.
             Slain by an orc warrior
             ... wielding a +0 short sword
              (3 damage)
             ... on level 2 of the Dungeon.
             The game lasted 00:02:44 (1054 turns).

nikopol the Shield-Bearer (Gargoyle Fighter)        Turns: 1054, Time: 00:02:45

Health: -1/33      AC: 11    Str: 19    XL:     5   Next: 52%
Magic:  5/5        EV:  8    Int:  9    God:
Gold:   52         SH:  9    Dex: 10    Spells: 4/4 levels left

rFire    . . .     SeeInvis .   a - +0 flail
rCold    . . .     Gourm    .   c - +0 shield
rNeg     + . .     Faith    .   b - +0 scale mail
rPois    ∞         Spirit   .   (no helmet)
rElec    +         Reflect  .   (no cloak)
rCorr    .         Harm     .   (no gloves)
MR       .....                  (no boots)
Stlth    ..........             (no amulet)
HPRegen  0.11/turn              (no ring)
MPRegen  0.09/turn              (no ring)

@: no status effects
A: negative energy resistance 1, electricity resistance, unbreathing,
petrification resistance, rot immunity, AC +4
a: no special abilities


You were on level 2 of the Dungeon.
You were not hungry.

You visited 1 branch of the dungeon, and saw 2 of its levels.

You collected 52 gold pieces.

Inventory:

Hand Weapons
 a - a +0 flail (weapon)
Armour
 b - a +0 scale mail (worn)
 c - a +0 shield (worn)
Jewellery
 h - an uncursed ring of stealth {unknown}
Scrolls
 g - a scroll of teleportation {unknown}
 k - a scroll of blinking {unknown}
Potions
 d - a potion of might
 e - a potion of degeneration {unknown}
 j - a potion of agility {unknown}
Comestibles
 f - 2 rations
 i - 4 chunks of flesh


   Skills:
 + Level 3.8 Fighting
 + Level 3.5 Maces & Flails
 + Level 4.0 Armour
 + Level 1.1 Dodging
 + Level 4.4 Shields


You had 4 spell levels left.
You didn't know any spells.

Dungeon Overview and Level Annotations

Branches:
Dungeon (2/15)

Altars:


Innate Abilities, Weirdness & Mutations

You are resistant to torment.
Your stone body is resilient. (AC +4)
You are immune to poison.
You resist negative energy. (rN+)
You are resistant to electric shocks. (rElec)
You can survive without breathing.
You are immune to petrification.
You are immune to rotting.


Message History

You are too injured to fight recklessly!
You are too injured to fight recklessly!
You are too injured to fight recklessly!
You are too injured to fight recklessly!
You are too injured to fight recklessly!
You are too injured to fight recklessly!
You are too injured to fight recklessly!
You are too injured to fight recklessly!
You are too injured to fight recklessly!
You are too injured to fight recklessly!
You thump the orc priest!
The orc priest is almost dead.
You block the orc warrior's attack.
The orc priest mumbles some strange prayers to Beogh against you.
Pain shoots through your body!
* * * LOW HITPOINT WARNING * * *
You closely miss the orc priest.
The orc priest is almost dead.
The orc warrior hits you with a short sword.
You die...

........#......#
###.......#.####.#
.........#.####.##
##.......>)..†.....
.........######...
##.......#.......#
......##..........
#..######......#.##.....
#.woSoo@o......#<.......
..########.....#.##.....
........)##...##.....
.........#######.....
########## #.(....
#...### #... #..


You could see an orc warrior, a worm, 2 orc priests, an orc and a ball python.

Vanquished Creatures
  A scorpion (D:2)
  Natasha (twice) (D:2)
  An adder (D:2)
  3 oozes (D:1)
  A leopard gecko (D:1)
  An orc (D:2)
  2 giant cockroaches
  6 goblins
  3 hobgoblins
  8 jackals
  9 bats
  2 frilled lizards (D:1)
  3 kobolds (D:1)
  6 rats
48 creatures vanquished.

Notes
Turn   | Place    | Note
-------+----------+-------------------------------------------
     0 | D:1      | nikopol the Gargoyle Fighter began the quest for the Orb.
     0 | D:1      | Reached XP level 1. HP: 14/14 MP: 1/1
    43 | D:1      | Reached XP level 2. HP: 18/19 MP: 2/2
   312 | D:1      | Reached XP level 3. HP: 20/23 MP: 3/3
   877 | D:2      | Noticed a scorpion
   901 | D:2      | Reached XP level 4. HP: 23/28 MP: 4/4
   968 | D:2      | Noticed Natasha
   975 | D:2      | Killed Natasha
   975 | D:2      | Reached skill level 1 in Dodging
   975 | D:2      | Reached XP level 5. HP: 30/33 MP: 5/5
   988 | D:2      | Noticed Natasha
   999 | D:2      | Killed Natasha
  1044 | D:2      | Noticed an orc warrior
  1054 | D:2      | Slain by an orc warrior

Skill      XL: |  1  2  3  4 |
---------------+-------------+-----
Maces & Flails | 3 |  3.5
Shields        | 4 |  4.4
Armour         | 4 |  4.0
Dodging        | 1 |  1.1
Fighting       | |  3.8

Action                   |  1- 3 |  4- 6 || total
-------------------------+-------+-------++-------
Melee: Flail             |   122 |    64 ||   186
  Eat: Chunk             |       |     1 ||     1
Armor: Scale mail        |    91 |    28 ||   119
Dodge: Dodged            |    64 |    29 ||    93
Block: Shield            |    83 |    43 ||   126
